 Dungeon Crawl Stone Soup version 0.27.0-1-g7a089689b8 (webtiles) character file.

Game seed: 13244296372734741212

86 ZARRMARR the Chopper (level 4, -2/41 HPs)
             Began as a Hill Orc Monk on Aug 5, 2021.
             Slain by a river rat (9 damage)
             ... on level 3 of the Dungeon.
             The game lasted 00:09:27 (2672 turns).

ZARRMARR the Chopper (Hill Orc Monk)                Turns: 2672, Time: 00:09:28

Health: -2/41      AC:  2    Str: 14    XL:     4   Next: 50%
Magic:  4/4        EV: 16    Int: 10    God:
Gold:   115        SH:  0    Dex: 13    Spells: 3/3 levels left

rFire    . . .     SeeInvis +   a - +0 hand axe
rCold    . . .     Faith    .   (no shield)
rNeg     . . .     Spirit   .   b - +0 robe
rPois    .         Reflect  .   (no helmet)
rElec    .         Harm     .   (no cloak)
rCorr    .         Rampage  .   (no gloves)
Will     .....                  (no boots)
Stlth    +.........             (no amulet)
HPRegen  0.13/turn              g - ring of see invisible
MPRegen  0.09/turn              j - +4 ring of evasion

@: very slow
A: no striking features
a: no special abilities


You were on level 3 of the Dungeon.
You visited 1 branch of the dungeon, and saw 3 of its levels.

You collected 115 gold pieces.

Inventory:

Hand Weapons
 a - a +0 hand axe (weapon)
Missiles
 d - 42 stones (quivered)
Armour
 b - a +0 robe (worn)
Jewellery
 e - a ring of wizardry
 g - a ring of see invisible (left hand)
 j - a +4 ring of evasion (right hand)
Scrolls
 h - a scroll of enchant weapon
 i - a scroll of acquirement {unknown}
 k - a scroll of vulnerability {unknown}
 n - 2 scrolls of teleportation
Potions
 m - a potion of attraction {unknown}


   Skills:
 + Level 4.3 Fighting
 + Level 5.6 Axes
 + Level 0.2 Throwing
 + Level 2.7 Dodging
 + Level 1.8 Stealth


You had 3 spell levels left.
You didn't know any spells.
Your spell library was empty.

Dungeon Overview and Level Annotations

Branches:
Dungeon (3/15)

Altars:


Message History

You feel sick. The adder bites you.
You barely miss the adder.
The adder is severely wounded.
You feel sick. The adder completely misses you. The adder barely misses you.
You barely miss the adder.
The adder is severely wounded.
You feel sick. The adder closely misses you.
You hit the adder but do no damage.
The adder is severely wounded.
You feel sick. The adder misses you. The adder closely misses you.
You hit the adder.
You kill the adder!
You feel sick.
You are no longer poisoned.
You hear the slow rusting of a drain very nearby.
You see here a river rat corpse.
A river rat comes into view.
Your unstable footing causes you to fumble your attack.
The river rat bites you!
* * * LOW HITPOINT WARNING * * *
It was a potion of cancellation.
You feel magically purged. The river rat misses you.
You closely miss the river rat. The river rat bites you.
* * * LOW HITPOINT WARNING * * *
It was a potion of curing.
You feel better. The river rat misses you.
You hit the river rat.
The river rat is lightly wounded.
The river rat barely misses you.
You slash the river rat!
The river rat is severely wounded.
The river rat misses you.
You barely miss the river rat.
The river rat is severely wounded.
The river rat completely misses you.
Your unstable footing causes you to fumble your attack.
The river rat bites you!
* * * LOW HITPOINT WARNING * * *
Your unstable footing causes you to fumble your attack.
The river rat bites you!
You die...

#≈ ≈ ≈## ≈≈#
##≈# ≈≈# #
####r#≈#
#≈≈≈@≈≈#
#†######### #.
#≈≈≈≈≈≈≈≈≈#
#.#####(#≈#≈≈#
#....≈≈≈≈≈.≈.#
.<.....≈.....#
###......(...#
#.#.#......#
#.#...######


You could see a river rat.

Vanquished Creatures
  3 adders
  A river rat (D:3)
  2 worms
  A dart slug (D:1)
  6 ball pythons
  5 bats (D:1)
  4 endoplasms
  A giant cockroach (D:1)
  4 goblins
  2 hobgoblins
  5 jackals (D:2)
  2 quokkas (D:2)
  3 frilled lizards
  3 rats
42 creatures vanquished.

Notes
Turn   | Place    | Note
-------+----------+-------------------------------------------
     0 | D:1      | ZARRMARR the Hill Orc Monk began the quest for the Orb.
     0 | D:1      | Reached XP level 1. HP: 19/19 MP: 1/1
    93 | D:1      | Reached XP level 2. HP: 21/27 MP: 2/2
   561 | D:1      | You fall into a shaft and drop 1 floor!
  1004 | D:1      | Reached XP level 3. HP: 29/33 MP: 3/3
  1569 | D:2      | Reached skill level 5 in Axes
  2009 | D:2      | Reached XP level 4. HP: 29/40 MP: 4/4
  2672 | D:3      | Slain by a river rat

Illustrated notes

Levels and vault maps discovered:
D:1:      erik_arrival_cave_to_civilisation [erik_arrival_cave_to_hall],
          layout_basic, minmay_box_of_dots
D:2:      layout_loops_ring, minmay_misc_feat_plants
D:3:      layout_loops_ring, hellmonk_ecumenical_altar_inner_sanctum,
          lightli_sewer_entry_pipes, biasface_ghost_orc_armoury,
          eino_tiny_chamber

Skill      XL: |  1  2  3 |
---------------+----------+-----
Fighting       | 4 |  4.3
Axes           | 5 |  5.6
Throwing       | |  0.2
Dodging        | |  2.7
Stealth        | |  1.8

Action                   |  1- 3 |  4- 6 || total
-------------------------+-------+-------++-------
Melee: Hand axe          |   105 |    74 ||   179
Throw: Stone             |    16 |     6 ||    22
  Use: Scroll            |       |     2 ||     2
       Potion            |       |     2 ||     2
 Stab: Sleeping          |     3 |     2 ||     5
Armor: Robe              |    11 |     6 ||    17
Dodge: Dodged            |    75 |    51 ||   126
